 Dungeon Crawl Stone Soup version 0.28-a0-1174-g766a6a42ef (webtiles) character file.

Game seed: 2616649268283117782

163345 emperorscorpion the Spear-Bearer (level 17, -18/133 HPs)
             Began as a Gnoll Wanderer on Dec 16, 2021.
             Was an Initiate of Gozag.
             Shot with an arrow by a deep elf master archer (23 damage)
             ... on level 3 of the Elven Halls.
             The game lasted 02:35:28 (35999 turns).

emperorscorpion the Spear-Bearer (Gnoll Wanderer)  Turns: 35999, Time: 02:35:28

Health: -18/133    AC: 22    Str: 17    XL:     17   Next: 83%
Magic:  9/41       EV: 22    Int: 12    God:    Gozag
Gold:   646        SH: 11    Dex: 25    Spells: 12/39 levels left

rFire   . . .      SeeInvis .   a - +6 spear (flame)
rCold   + . .      Faith    .   t - +3 buckler
rNeg    + + .      Spirit   .   H - +3 leather armour {rC+}
rPois   .          Reflect  .   x - +2 helmet
rElec   +          Harm     .   Y - +2 cloak {rCorr}
rCorr   +          Rampage  .   j - +1 pair of gloves "Weateto" {Dex+3}
Will    +....                   Z - +2 pair of boots of Zadothru {Contam rElec Str+3 Slay+5}
Stlth   +++++++...              g - amulet of regeneration
HPRegen 1.12/turn               T - ring "Peasm" {Drain +Blink rN++ MP+9 Stlth+}
MPRegen 0.27/turn               B - ring "Xooggye" {rElec Int-3 Dex+6 Stlth+}

@: studying Throwing, bribing [the Elven Halls]
A: fangs 1, strong nose, distributed training, iridescent scales 1, strong 1
a: Renounce Religion, Evoke Blink, Potion Petition, Call Merchant, Bribe Branch


You were on level 3 of the Elven Halls.
You worshipped Gozag.
Gozag was pleased with you.
You visited 4 branches of the dungeon, and saw 25 of its levels.
You also visited: Bailey.

You collected 9411 gold pieces.
You spent 3285 gold pieces at shops.
You paid 5480 gold pieces to Gozag.

Inventory:

Hand Weapons
 a - a +6 spear of flaming (weapon)
Missiles
 b - 2 boomerangs of dispersal (quivered)
 A - 4 throwing nets
 D - 36 poisoned darts
 F - 7 javelins
 M - 23 boomerangs
Armour
 j - the +1 pair of gloves "Weateto" (worn) {Dex+3}
   (You found it on level 3 of the Lair of Beasts)

   Dex:       It affects your dexterity (+3).
 q - the +8 chain mail of the Fletcher {Dex+5}
   (You bought it in a shop on level 2 of the Orcish Mines)

   Dex:       It affects your dexterity (+5).
 t - a +3 buckler (worn)
 x - a +2 helmet (worn)
 H - a +3 leather armour of cold resistance (worn)
 Y - a +2 cloak of preservation (worn)
 Z - the +2 pair of boots of Zadothru (worn) {Contam rElec Str+3 Slay+5}
   (You bought it in a shop on level 11 of the Dungeon)

   Str:       It affects your strength (+3).
   Slay:      It affects your accuracy & damage with ranged weapons and melee
   (+5).
   rElec:     It insulates you from electricity.
   Contam:    It causes magical contamination when unequipped.
Jewellery
 g - an amulet of regeneration (around neck)
 l - a ring of flight
 B - the ring "Xooggye" (right hand) {rElec Int-3 Dex+6 Stlth+}
   (You took it off a hobgoblin on level 4 of the Dungeon)

   [ring of dexterity]

   Int:       It affects your intelligence (-3).
   Dex:       It affects your dexterity (+6).
   rElec:     It insulates you from electricity.
   Stlth:     It makes you more stealthy.
 T - the ring "Peasm" (left hand) {Drain +Blink rN++ MP+9 Stlth+}
   (You found it on level 8 of the Dungeon)

   [ring of magical power]

   rN:        It greatly protects you from negative energy.
   MP:        It affects your magic capacity (+9).
   +Blink:    It lets you blink.
   Drain:     It drains your maximum health when unequipped.
   Stlth:     It makes you more stealthy.
Wands
 c - a wand of charming (14)
 m - a wand of polymorph (2)
 o - a wand of mindburst (20)
 s - a wand of paralysis (7)
 y - a wand of digging (11)
Scrolls
 d - a scroll of silence
 r - a scroll of immolation
 w - 2 scrolls of teleportation
 z - 2 scrolls of fog
 I - 2 scrolls of identify
 L - a scroll of holy word
 S - a scroll of magic mapping
 U - a scroll of amnesia
 W - a scroll of fear
Potions
 e - 2 potions of brilliance
 f - 3 potions of ambrosia
 i - 11 potions of curing
 n - 2 potions of mutation
 p - a potion of cancellation
 u - 6 potions of haste
 v - 6 potions of lignification
 C - a potion of resistance
 E - 7 potions of might
 G - 2 potions of magic
 J - a potion of heal wounds
 K - 2 potions of flight
Miscellaneous
 h - a lightning rod (3/4)
 k - a box of beasts (inert)
 O - a phantom mirror
 P - a phial of floods (inert)


   Skills:
 + Level 12.2 Fighting
 + Level 11.9 Short Blades
 + Level 11.9 Long Blades
 + Level 11.9 Axes
 + Level 11.9 Maces & Flails
 + Level 14.4 Polearms
 + Level 12.7 Staves
 + Level 11.9 Slings
 + Level 11.9 Bows
 + Level 11.9 Crossbows
 + Level 14.4 Throwing
 + Level 12.2 Armour
 + Level 11.9 Dodging
 + Level 11.9 Stealth
 + Level 11.9 Shields
 + Level 11.9 Unarmed Combat
 + Level 11.9 Spellcasting
 + Level 10.1 Conjurations
 + Level 10.1 Hexes
 + Level 10.1 Summonings
 + Level 10.1 Necromancy
 + Level 10.1 Translocations
 + Level 10.1 Transmutations
 + Level 10.1 Fire Magic
 + Level 10.1 Ice Magic
 + Level 10.1 Air Magic
 + Level 10.1 Earth Magic
 + Level 10.1 Poison Magic
 + Level 13.0 Invocations
 + Level 12.7 Evocations


You had 12 spell levels left.
You knew the following spells:

 Your Spells              Type           Power      Damage    Failure   Level
a - Airstrike             Air            15%        N/A       1%          4
b - Summon Lightning Spi  Summ/Air       31%        N/A       1%          4
c - Sticky Flame          Conj/Fire      31%        2d5       1%          4
d - Hailstorm             Conj/Ice       31%        3d8       1%          4
e - Summon Forest         Summ/Tloc      15%        N/A       4%          5
P - Portal Projectile     Hex/Tloc       62%        N/A       1%          3
S - Swiftness             Air            31%        N/A       1%          3

Your spell library contained the following spells:

 Spells                   Type           Power      Damage    Failure   Level
 Beastly Appendage        Tmut           62%        N/A       1%          1
 Freeze                   Ice            100%       1d11      1%          1
 Summon Small Mammal      Summ           100%       N/A       1%          1
 Corpse Rot               Necr/Air       62%        N/A       1%          2
 Ensorcelled Hibernation  Hex/Ice        62%        N/A       1%          2
 Passwall                 Tmut/Erth      25%        N/A       1%          2
 Poisonous Vapours        Pois/Air       62%        N/A       1%          2
 Static Discharge         Conj/Air       31%        N/A       1%          2
 Wereblood                Tmut           31%        N/A       1%          2
 Conjure Flame            Conj/Fire      31%        6-21      1%          3
 Ignite Poison            Fire/Tmut/Pois 31%        N/A       1%          3
 Ozocubu's Armour         Ice            31%        N/A       1%          3
 Spider Form              Tmut/Pois      31%        N/A       1%          3
 Animate Armour           Summ/Erth      62%        N/A       1%          4
 Dispel Undead            Necr           31%        3d14      1%          4
 Ice Form                 Ice/Tmut       31%        N/A       1%          4
 Lightning Bolt           Conj/Air       15%        1d29      4%          5
 Death Channel            Necr           15%        N/A       26%         6
 Dispersal                Tloc           15%        N/A       26%         6
 Eringya's Noxious Bog    Tmut/Pois      15%        N/A       26%         6
 Simulacrum               Ice/Necr       15%        N/A       26%         6
 Ozocubu's Refrigeration  Ice            15%        4d8       83%         7
 Summon Hydra             Summ           15%        N/A       83%         7
 Dragon's Call            Summ           15%        N/A       100%        9


Dungeon Overview and Level Annotations

Branches:
Dungeon (15/15)            Temple (0/1) D:5            Lair (5/6) D:9
  Swamp (0/4) Lair:4       Spider (0/4) Lair:3        Slime (0/5) Lair:5
    Orc (2/2) D:9             Elf (3/3) Orc:2        Vaults (0/5) D:14
 Depths (0/4) D:15         Bailey (visited)

Altars:
Elyvilon
Fedhas
Gozag
Vehumet
Yredelemnul
Zin
The Shining One
Beogh
Jiyva

Shops:
D:11 [[[?(   Orc:1 !   Orc:2 [(![


Innate Abilities, Weirdness & Mutations

You have very sharp teeth.
Your uncanny sense of smell can sniff out nearby items.
Your experience applies equally to all skills.
You are partially covered in iridescent scales. (AC +2)
Your muscles are strong. (Str +2)


Message History

Okay, then.
As you read the scroll of teleportation, it crumbles to dust.
You feel strangely unstable. The balrug gestures at you. Something smites you!
* * * LOW HITPOINT WARNING * * *
Your surroundings suddenly seem different. 6 elves come into view.
The deep elf sorcerer is wielding the +6 short sword of Diet Blood {vamp, rC+ rN+}.
The deep elf master archer is wearing a +0 scale mail of willpower.
A deep elf zephyrmancer is wielding a +1 mace of holy wrath and carrying a wand of acid (7).
A deep elf zephyrmancer is wielding a +3 glaive of freezing and carrying a wand of polymorph (3).
Found eight items.
The deep elf zephyrmancer moves out of view.
Unknown command.
Press: ? - help, v - describe, . - travel
Here: a deep elf master archer, wearing a +0 scale mail of willpower, wearing a ring of fire and quivering arrows (wandering, hasn't noticed you)
The floor.
Press: ? - help, v - describe, . - travel, g - get item
Here: a deep elf annihilator, wielding a +0 scimitar and wearing a +0 ring mail Item here: a long sword.
The floor.
Do you want to bribe the denizens of the Elven Halls?
You no longer have enough gold to fund merchants seeking to open stores in the dungeon.
You no longer have enough gold to bribe branches to halt enemies' attacks and recruit allies.
Gozag spreads your bribe to the Elven Halls!
The deep elf master archer shouts!
The deep elf sorcerer shouts!
You hear a shout!
The deep elf master archer wields a +1 longbow of flaming.
It bursts into flame!
The deep elf master archer shoots an arrow.
The arrow hits you!!
* * * LOW HITPOINT WARNING * * *
The arrow burns you!
* * * LOW HITPOINT WARNING * * *
The deep elf knight points at you and mumbles some strange words.
The shard of ice misses you.
A deep elf sorcerer comes into view.
It is wielding a +0 morningstar of protection and wearing a +1 tower shield of protection.
Your deep elf sorcerer grins greedily, jangling a coin purse.
The deep elf master archer shoots an arrow.
The arrow hits you!!
You die...
Your body crumbles into a pile of gold.

#.##..# #.##..## .⌠.(⌠
#.#....## .... #....)..#
.... #......|#
####♣#..###### #.#....##
#...≈≈(.≈≈...♣. ##.##..##
....≈≈..≈≈.....###.##.##..#
#...≈≈.$≈≈♣..# #@..##.##.##
♣...≈≈..≈≈...# #...##....#
######..##♣### #.ee##....#
#$$# #e####....# ∆$∆$ #.$#
∆∆$$$ee[∆ #.##.# $∆$∆ #e.#
∆∆∆∆∆.}e∆ #.##.#### ∆$∆$
#e4# ∆∆∆∆∆}.|∆ #.##....##
$∆$∆ #e.# ∆∆∆∆[|.:.
#.#......# #§)# #.#......#


You could see a deep elf master archer, a deep elf annihilator, a deep elf
sorcerer, a deep elf knight, a deep elf zephyrmancer and a friendly deep elf
sorcerer.

Vanquished Creatures
  Jorgrun (Orc:1)
  Asterion (Elf:3)
  A deep elf blademaster (Elf:3)
  Donald (Orc:2)
  3 deep elf sorcerers (Elf:3)
  A deep elf elementalist (Elf:3)
  A stone giant (D:15)
  The ghost of NigelTetley the Eclecticist, a journeyman DECj of Vehumet (D:15)
  7 deep elf demonologists
  3 deep elf annihilators (Elf:3)
  A minotaur (Lair:5)
  5 deep elf death magi
  Josephine (D:12)
  A deep elf high priest (Elf:1)
  8 hydras
  4 vault guards (D:14)
  4 boulder beetles
  2 catoblepae
  Harold (D:7)
  A death knight (D:14)
  3 centaur warriors
  3 two-headed ogres
  2 tengu warriors
  5 orc high priests (Orc:2)
  Urug (Lair:5)
  9 deep elf knights
  10 deep elf archers
  8 orc knights
  28 deep elf pyromancers
  5 ugly things
  24 deep elf zephyrmancers
  5 manticores
  3 orc sorcerers
  6 cyclopes
  3 oklob plants
  A wolf spider (Lair:4)
  5 elephants
  3 black mambas
  A water nymph (Elf:2)
  Maurice (D:12)
  2 gargoyles
  2 unseen horrors
  6 cane toads
  3 rime drakes
  4 komodo dragons
  A kobold demonologist (D:7)
  A freezing wraith (D:14)
  A meliai (D:14)
  2 polar bears
  3 burning bushes (Lair:1)
  6 trolls
  A hornet (D:9)
  A raiju (shapeshifter) (D:13)
  A wolf spider simulacrum (D:15)
  Grinder (D:6)
  14 slime creatures
  21 blink frogs
  2 air elementals
  4 water elementals
  A redback (shapeshifter) (Elf:2)
  A spriggan (Lair:5)
  2 redbacks (Lair:3)
  3 vampires
  2 wraiths (D:12)
  A yak (shapeshifter) (D:14)
  5 wyverns
  33 yaks
  4 basilisks
  3 fire elementals (Elf:1)
  3 vampire mosquitoes
  2 steam dragons
  8 wargs
  2 acid dragons (D:9)
  16 water moccasins
  7 nameless horrors
  An ice beast (D:7)
  21 orc warriors
  2 sky beasts (D:7)
  A black bear (D:7)
  2 hornet zombies
  9 ogres
  2 necrophages (D:7)
  21 wolves
  9 centaurs
  2 phantoms
  7 kobold brigands
  2 gnoll sergeants
  14 bullfrogs
  3 scorpions
  3 earth elementals
  2 water moccasin zombies
  A water moccasin skeleton (D:5)
  8 killer bees
  4 howler monkeys
  2 wights (D:7)
  An electric eel (D:9)
  6 centaur zombies
  30 orc priests
  6 jellies
  A gnoll shaman (D:6)
  2 hounds (D:7)
  2 centaur skeletons
  A bullfrog skeleton (D:6)
  Ijyb (D:3)
  14 orc wizards
  3 hell rats (Lair:3)
  2 hound skeletons
  18 gnolls
  A howler monkey zombie (D:7)
  6 adders
  A shadow imp (D:7)
  2 white imps
  3 ufetubi
  A worm (D:2)
  3 dart slugs
  61 orcs
  6 endoplasms
  2 giant cockroaches
  14 goblins
  7 hobgoblins
  8 jackals
  2 quokkas (D:1)
  2 ball pythons
  6 bats
  3 frilled lizards
  26 kobolds
  4 rats
  A bush (Lair:3)
705 creatures vanquished.

Vanquished Creatures (collateral kills)
  A deep elf blademaster (Elf:3)
  A deep elf master archer (Elf:3)
  Gastronok (D:10)
  A deep elf demonologist (Elf:1)
  The ghost of yoda5477 the Martial Artist, a journeyman DsTm of Wu Jian (Lair:5)
  A deep elf annihilator (Elf:3)
  Fannar (Lair:1)
  2 hydras
  A catoblepas (D:14)
  A dancing weapon (Elf:2)
  A death yak (Lair:5)
  A tengu warrior (D:15)
  The ghost of Zgarb the Nimble, a journeyman SpEn of Ashenzari (D:11)
  3 orc high priests (Orc:2)
  3 deep elf knights
  An orc knight (Orc:2)
  2 ugly things
  2 deep elf pyromancers
  3 deep elf zephyrmancers (Elf:1)
  2 cyclopes
  An orc sorcerer (Orc:1)
  A manticore (D:15)
  An elephant (Lair:4)
  A torpor snail (Lair:5)
  3 komodo dragons
  A tengu conjurer (D:10)
  3 trolls
  A jumping spider (Lair:3)
  A polar bear (Lair:5)
  A wolf spider simulacrum (D:15)
  A slime creature (D:12)
  5 blink frogs
  A wraith (D:12)
  A wyvern (Lair:3)
  2 basilisks
  7 yaks
  A steam dragon (D:9)
  A vampire mosquito (D:12)
  A swamp worm (Lair:4)
  3 wargs (Orc:2)
  A water moccasin (Lair:5)
  7 orc warriors
  3 wolves
  2 bullfrogs
  A gnoll shaman (Orc:1)
  7 orc priests (Orc:2)
  A hell rat (Lair:3)
  2 orc wizards (Orc:2)
  A gnoll (Orc:1)
  15 orcs
  2 kobolds (D:9)
109 creatures vanquished.

Vanquished Creatures (others)
  19 dancing weapons
  29 fungi
  36 plants
  3 snaplasher vines
87 creatures vanquished.

Grand Total: 901 creatures vanquished

Notes
Turn   | Place    | Note
-------+----------+-------------------------------------------
     0 | D:1      | emperorscorpion the Gnoll Wanderer began the quest for the
                  | Orb.
     0 | D:1      | emperorscorpion set off with the following items: a +2
                  | spear, a +0 quarterstaff, a wand of flame (7), a +0 leather
                  | armour
     0 | D:1      | Reached XP level 1. HP: 17/17 MP: 1/1
   161 | D:1      | Reached XP level 2. HP: 23/23 MP: 2/2
   457 | D:1      | Reached XP level 3. HP: 16/28 MP: 3/3
   830 | D:2      | Reached skill level 1 in Invocations
   879 | D:2      | Reached skill level 1 in Short Blades
   879 | D:2      | Reached skill level 1 in Long Blades
   879 | D:2      | Reached skill level 1 in Axes
   879 | D:2      | Reached skill level 1 in Maces & Flails
   879 | D:2      | Reached skill level 1 in Slings
   879 | D:2      | Reached skill level 1 in Bows
   879 | D:2      | Reached skill level 1 in Crossbows
   879 | D:2      | Reached skill level 1 in Throwing
   879 | D:2      | Reached skill level 1 in Dodging
   879 | D:2      | Reached skill level 1 in Stealth
   879 | D:2      | Reached skill level 1 in Shields
   879 | D:2      | Reached skill level 1 in Unarmed Combat
   879 | D:2      | Reached skill level 1 in Spellcasting
   920 | D:2      | Reached XP level 4. HP: 34/34 MP: 5/5
  1499 | D:2      | Reached skill level 1 in Conjurations
  1499 | D:2      | Reached skill level 1 in Hexes
  1499 | D:2      | Reached skill level 1 in Summonings
  1499 | D:2      | Reached skill level 1 in Necromancy
  1499 | D:2      | Reached skill level 1 in Translocations
  1499 | D:2      | Reached skill level 1 in Transmutations
  1499 | D:2      | Reached skill level 1 in Fire Magic
  1499 | D:2      | Reached skill level 1 in Ice Magic
  1499 | D:2      | Reached skill level 1 in Air Magic
  1499 | D:2      | Reached skill level 1 in Earth Magic
  1499 | D:2      | Reached skill level 1 in Poison Magic
  1838 | D:2      | Reached XP level 5. HP: 40/40 MP: 6/6
  2082 | D:3      | Noticed a phantom
  2329 | D:3      | Noticed Ijyb
  2346 | D:3      | Killed Ijyb
  2595 | D:3      | Reached XP level 6. HP: 47/47 MP: 8/8
  2620 | D:3      | Found an opulent altar of Gozag.
  2638 | D:3      | Reached skill level 5 in Staves
  2638 | D:3      | Reached skill level 5 in Evocations
  2661 | D:3      | Became a worshipper of Gozag Ym Sagoz the Greedy
  2759 | D:3      | Got the Compendium of Dislocated Snow
  3149 | D:4      | Identified the ring "Xooggye" {rElec Int-3 Dex+6 Stlth+}
  3580 | D:4      | Reached XP level 7. HP: 52/52 MP: 10/10
  3940 | D:5      | Entered Level 5 of the Dungeon
  3948 | D:5      | Found a staircase to the Ecumenical Temple.
  4190 | D:5      | Reached XP level 8. HP: 60/60 MP: 12/12
  4425 | D:6      | Found a radiant altar of Vehumet.
  4779 | D:6      | Noticed Grinder
  4781 | D:6      | Paralysed by Grinder for 5 turns
  4796 | D:6      | Killed Grinder
  4900 | D:6      | Reached XP level 9. HP: 61/66 MP: 14/14
  5364 | D:6      | Noticed a manticore
  5378 | D:6      | HP: 3/67 [manticore (8)]
  5380 | D:6      | Killed a manticore
  5381 | D:6      | Reached skill level 5 in Fighting
  5381 | D:6      | Reached skill level 5 in Armour
  5451 | D:6      | Found a blossoming altar of Fedhas.
  5453 | D:6      | Found a glowing golden altar of the Shining One.
  5962 | D:7      | Noticed Harold
  6029 | D:7      | Reached skill level 5 in Invocations
  6093 | D:7      | Noticed a purple ugly thing
  6113 | D:7      | Learned a level 3 spell: Portal Projectile
  6429 | D:7      | Noticed a manticore
  6441 | D:7      | Killed a manticore
  6442 | D:7      | Reached XP level 10. HP: 69/75 MP: 17/17
  6583 | D:7      | Reached skill level 5 in Short Blades
  6583 | D:7      | Reached skill level 5 in Long Blades
  6583 | D:7      | Reached skill level 5 in Axes
  6583 | D:7      | Reached skill level 5 in Maces & Flails
  6583 | D:7      | Reached skill level 5 in Slings
  6583 | D:7      | Reached skill level 5 in Bows
  6583 | D:7      | Reached skill level 5 in Crossbows
  6583 | D:7      | Reached skill level 5 in Throwing
  6583 | D:7      | Reached skill level 5 in Dodging
  6583 | D:7      | Reached skill level 5 in Stealth
  6583 | D:7      | Reached skill level 5 in Shields
  6583 | D:7      | Reached skill level 5 in Unarmed Combat
  6583 | D:7      | Reached skill level 5 in Spellcasting
  6654 | D:7      | Killed a cyan ugly thing
  6655 | D:7      | Reached skill level 10 in Polearms
  6981 | D:7      | Found a glowing silver altar of Zin.
  7066 | D:7      | Noticed a kobold demonologist
  7158 | D:7      | Killed a kobold demonologist
  7226 | D:7      | Learned a level 3 spell: Swiftness
  7321 | D:7      | Killed an unseen horror
  7952 | D:7      | Killed Harold
  7953 | D:7      | Reached XP level 11. HP: 69/83 MP: 11/19
  8218 | D:8      | Noticed a two-headed ogre
  8230 | D:8      | Killed a two-headed ogre
  8231 | D:8      | Reached skill level 5 in Conjurations
  8231 | D:8      | Reached skill level 5 in Hexes
  8231 | D:8      | Reached skill level 5 in Summonings
  8231 | D:8      | Reached skill level 5 in Necromancy
  8231 | D:8      | Reached skill level 5 in Translocations
  8231 | D:8      | Reached skill level 5 in Transmutations
  8231 | D:8      | Reached skill level 5 in Fire Magic
  8231 | D:8      | Reached skill level 5 in Ice Magic
  8231 | D:8      | Reached skill level 5 in Air Magic
  8231 | D:8      | Reached skill level 5 in Earth Magic
  8231 | D:8      | Reached skill level 5 in Poison Magic
  8272 | D:8      | Learned a level 4 spell: Airstrike
  8277 | D:8      | Learned a level 4 spell: Summon Lightning Spire
  8413 | D:8      | Identified the ring "Peasm" {Drain +Blink rN++ MP+9 Stlth+}
  9047 | D:9      | Found a staircase to the Lair.
  9048 | D:9      | Identified the +1 ring mail "Miebuxt" {rF+ Str+2}
  9224 | D:9      | Found a staircase to the Orcish Mines.
 10263 | D:9      | Found a white marble altar of Elyvilon.
 10317 | D:9      | Found a basalt altar of Yredelemnul.
 10612 | D:10     | Entered Level 10 of the Dungeon
 10719 | D:10     | Noticed a two-headed ogre
 10728 | D:10     | Killed a two-headed ogre
 10729 | D:10     | Reached XP level 12. HP: 91/91 MP: 22/22
 10761 | D:10     | Noticed Gastronok
 10908 | D:10     | Noticed a tengu warrior
 10923 | D:10     | Killed Gastronok
 11083 | D:10     | Found a glowing silver altar of Zin.
 11470 | D:10     | Found a glowing silver altar of Zin.
 11725 | D:11     | Noticed a boulder beetle
 11853 | D:11     | Found Giakk's Antique Weapon Emporium.
 11861 | D:11     | Bought an iridescent short sword for 192 gold pieces
 11861 | D:11     | Identified the +6 short sword "Pyser" {antimagic, rElec}
                  | (You bought it in a shop on level 11 of the Dungeon)
 11878 | D:11     | Noticed a five-headed hydra
 11884 | D:11     | Killed a five-headed hydra
 11919 | D:11     | Found a runed translucent door.
 11919 | D:11     | Noticed Zgarb's ghost (journeyman SpEn)
 11936 | D:11     | Killed a boulder beetle
 12035 | D:11     | Found Immotemn's Magic Scroll Shop.
 12043 | D:11     | Bought a scroll of fear for 56 gold pieces
 12043 | D:11     | Bought a scroll of summoning for 152 gold pieces
 12043 | D:11     | Bought a scroll of enchant armour for 120 gold pieces
 12043 | D:11     | Bought a scroll of enchant weapon for 120 gold pieces
 12043 | D:11     | Bought a scroll of immolation for 56 gold pieces
 12051 | D:11     | Found Vuonal's Armour Emporium.
 12054 | D:11     | Bought the +2 pair of boots of Zadothru {Contam rElec Str+3
                  | Slay+5} for 702 gold pieces
 12132 | D:11     | Found Dopp's Armour Emporium.
 12150 | D:11     | Found Wanian Jiob's Antique Armour Shoppe.
 12496 | D:11     | Killed Zgarb's ghost
 12547 | D:12     | Noticed Maurice
 12713 | D:12     | Killed Maurice
 12866 | D:12     | Noticed a two-headed ogre
 12876 | D:12     | Killed a two-headed ogre
 13063 | D:12     | Noticed a boulder beetle
 13271 | D:12     | Reached XP level 13. HP: 46/98 MP: 18/24
 13758 | D:12     | Learned a level 4 spell: Sticky Flame
 13780 | D:12     | Noticed Josephine
 13798 | D:12     | Killed Josephine
 14166 | D:11     | Bought a smoking ring mail for 225 gold pieces
 14166 | D:11     | Identified the +1 ring mail "Heqot" {Int+4} (You bought it
                  | in a shop on level 11 of the Dungeon)
 14272 | D:13     | Found a viscous altar of Jiyva.
 15105 | D:13     | Learned a level 4 spell: Hailstorm
 15486 | D:14     | Found a gate to the Vaults.
 15486 | D:14     | Noticed a vault guard
 15486 | D:14     | Noticed a vault guard
 15486 | D:14     | Noticed a vault guard
 15486 | D:14     | Noticed a vault guard
 15491 | D:14     | Killed a vault guard
 15491 | D:14     | Killed a vault guard
 15491 | D:14     | Killed a vault guard
 15491 | D:14     | Killed a vault guard
 15499 | D:14     | Reached skill level 10 in Staves
 15499 | D:14     | Reached skill level 10 in Evocations
 15635 | D:14     | Reached XP level 14. HP: 108/108 MP: 19/26
 16860 | D:15     | Entered Level 15 of the Dungeon
 17015 | D:15     | Found a large runed translucent door.
 17015 | D:15     | Found a large runed translucent door.
 17026 | D:15     | Noticed NigelTetley's ghost (journeyman DECj)
 17060 | D:15     | Killed NigelTetley's ghost
 17913 | D:15     | Learned a level 5 spell: Summon Forest
 18222 | D:15     | Found a staircase to the Depths.
 18222 | D:15     | Noticed a stone giant
 18237 | D:15     | Killed a stone giant
 18272 | D:15     | Reached skill level 10 in Invocations
 18435 | Lair:1   | Entered Level 1 of the Lair of Beasts
 18886 | Lair:1   | Noticed Fannar
 18897 | Lair:1   | Killed Fannar
 19208 | Lair:1   | Reached skill level 10 in Throwing
 19672 | Lair:2   | You fall into a shaft and drop 1 floor!
 19896 | Lair:3   | Identified the +1 pair of gloves "Weateto" {Dex+3}
 21386 | Lair:3   | Found a hole to the Spider Nest.
 21802 | Lair:4   | Reached skill level 10 in Fighting
 21802 | Lair:4   | Reached skill level 10 in Armour
 22522 | Lair:4   | Reached XP level 15. HP: 115/115 MP: 24/28
 23480 | Lair:4   | Found a staircase to the Swamp.
 23940 | Lair:5   | Reached skill level 10 in Short Blades
 23940 | Lair:5   | Reached skill level 10 in Long Blades
 23940 | Lair:5   | Reached skill level 10 in Axes
 23940 | Lair:5   | Reached skill level 10 in Maces & Flails
 23940 | Lair:5   | Reached skill level 10 in Slings
 23940 | Lair:5   | Reached skill level 10 in Bows
 23940 | Lair:5   | Reached skill level 10 in Crossbows
 23940 | Lair:5   | Reached skill level 10 in Dodging
 23940 | Lair:5   | Reached skill level 10 in Stealth
 23940 | Lair:5   | Reached skill level 10 in Shields
 23940 | Lair:5   | Reached skill level 10 in Unarmed Combat
 23940 | Lair:5   | Reached skill level 10 in Spellcasting
 24330 | Lair:5   | Noticed Urug
 24339 | Lair:5   | Killed Urug
 24517 | Lair:5   | Gained mutation: Your muscles are strong. (Str +2) [potion
                  | of mutation]
 24517 | Lair:5   | Gained mutation: You are partially covered in iridescent
                  | scales. (AC +2) [potion of mutation]
 24597 | Lair:5   | Found a staircase to the Slime Pits.
 24738 | Lair:5   | Found a runed translucent gate.
 24738 | Lair:5   | Found a runed translucent gate.
 24738 | Lair:5   | Found a runed translucent gate.
 24759 | Lair:5   | Noticed yoda5477's ghost (journeyman DsTm)
 25089 | Lair:5   | Identified a scroll of acquirement
 25089 | Lair:5   | Acquired 721 gold pieces
 25264 | Lair:5   | Killed yoda5477's ghost
 25612 | Orc:1    | Entered Level 1 of the Orcish Mines
 25612 | Orc:1    | Noticed Jorgrun
 25625 | Orc:1    | Killed Jorgrun
 25638 | Orc:1    | Found Xiarchucke's Distillery.
 25743 | Orc:1    | Bought a potion of heal wounds for 75 gold pieces
 25743 | Orc:1    | Bought a potion of heal wounds for 75 gold pieces
 25743 | Orc:1    | Bought a potion of attraction for 45 gold pieces
 25743 | Orc:1    | Bought 2 potions of curing for 90 gold pieces
 25880 | Orc:1    | Found a flagged portal.
 25893 | Bailey   | Entered a bailey
 26181 | Bailey   | Identified the +9 battleaxe of the Snake Pit {flame, rC-
                  | Str+4}
 26434 | Orc:2    | Entered Level 2 of the Orcish Mines
 26434 | Orc:2    | Found a staircase to the Elven Halls.
 26697 | Orc:2    | Found Jiyg's Antique Armour Shop.
 27058 | Orc:2    | Noticed Donald
 27304 | Orc:2    | Killed Donald
 27305 | Orc:2    | Reached XP level 16. HP: 103/124 MP: 20/30
 27396 | Orc:2    | Found Zohecuawn's Antique Weapon Shoppe.
 28100 | Orc:2    | Found Fuimoaxio's Distillery.
 28100 | Orc:2    | Found Jiramu's Antique Armour Shoppe.
 28115 | Orc:2    | Bought an embroidered cloak for 262 gold pieces
 28120 | Orc:2    | Bought a pair of steaming boots for 332 gold pieces
 28120 | Orc:2    | Identified the +1 pair of boots "Qegat" {rC+ Str+2} (You
                  | bought it in a shop on level 2 of the Orcish Mines)
 28120 | Orc:2    | Bought an encrusted chain mail for 332 gold pieces
 28120 | Orc:2    | Identified the +8 chain mail of the Fletcher {Dex+5} (You
                  | bought it in a shop on level 2 of the Orcish Mines)
 28154 | Orc:2    | Bought a potion of resistance for 110 gold pieces
 28154 | Orc:2    | Bought a potion of curing for 33 gold pieces
 28154 | Orc:2    | Bought a potion of heal wounds for 55 gold pieces
 28154 | Orc:2    | Bought a potion of heal wounds for 55 gold pieces
 28154 | Orc:2    | Bought a potion of haste for 110 gold pieces
 28154 | Orc:2    | Bought a potion of ambrosia for 88 gold pieces
 28714 | Elf:1    | Entered Level 1 of the Elven Halls
 30188 | Elf:1    | Got Sif Muna's Volume of Companions
 32328 | Elf:2    | Noticed an Ice Fiend
 32624 | Elf:2    | Found a huge runed translucent gate.
 32624 | Elf:2    | Found a huge runed translucent gate.
 32624 | Elf:2    | Found a huge runed translucent gate.
 32624 | Elf:2    | Found a huge runed translucent gate.
 32628 | Elf:2    | Found a huge runed translucent gate.
 33049 | Elf:2    | Reached XP level 17. HP: 132/132 MP: 9/32
 34213 | Elf:3    | Entered Level 3 of the Elven Halls
 34488 | Elf:3    | Found a radiant altar of Vehumet.
 34842 | Elf:3    | Noticed Asterion
 34852 | Elf:3    | Killed Asterion
 35296 | Elf:3    | Paralysed by an air elemental for 1 turns
 35299 | Elf:3    | Paralysed by an air elemental for 1 turns
 35442 | Elf:3    | Noticed a Hell Sentinel
 35526 | Elf:3    | Reached skill level 10 in Conjurations
 35526 | Elf:3    | Reached skill level 10 in Hexes
 35526 | Elf:3    | Reached skill level 10 in Summonings
 35526 | Elf:3    | Reached skill level 10 in Necromancy
 35526 | Elf:3    | Reached skill level 10 in Translocations
 35526 | Elf:3    | Reached skill level 10 in Transmutations
 35526 | Elf:3    | Reached skill level 10 in Fire Magic
 35526 | Elf:3    | Reached skill level 10 in Ice Magic
 35526 | Elf:3    | Reached skill level 10 in Air Magic
 35526 | Elf:3    | Reached skill level 10 in Earth Magic
 35526 | Elf:3    | Reached skill level 10 in Poison Magic
 35906 | Elf:3    | Noticed a deep elf blademaster
 35916 | Elf:3    | Killed a deep elf blademaster
 35930 | Elf:3    | Noticed a deep elf blademaster
 35935 | Elf:3    | Killed a deep elf blademaster
 35968 | Elf:3    | Noticed a deep elf master archer
 35982 | Elf:3    | Killed a deep elf master archer
 35998 | Elf:3    | Identified the +6 short sword of Diet Blood {vamp, rC+ rN+}
 35998 | Elf:3    | Noticed a deep elf master archer
 35999 | Elf:3    | HP: 5/133 [deep elf master archer/arrow (13)]
 35999 | Elf:3    | Shot with an arrow by a deep elf master archer

Illustrated notes

Levels and vault maps discovered:
D:1:      minmay_arrival_three_doors, layout_loops_ring
D:2:      minmay_general_purpose_star, layout_basic
D:3:      kennysheep_the_goblin_king, layout_basic,
          nicolae_gozag_cash_rules_everything_around_me
D:4:      layout_loops_ring
D:5:      layout_basic, minmay_temple_entry_statues_pillars,
          minmay_misc_feat_four_crosses
D:6:      layout_basic, amcnicky_altar_gilded, nicolae_overflow_hidden_temple,
          uniq_grinder
D:7:      minmay_the_grid_octo_tiled_squarecenter
          [minmay_the_grid_octo_fan_narrow,
          minmay_the_grid_octo_vomiting_pacman, minmay_the_grid_octo_concentric,
          minmay_the_grid_octo_focus, minmay_the_grid_square_5x5_megaprize_open,
          minmay_the_grid_square_5x5_v, minmay_the_grid_square_5x5_eight_small,
          minmay_the_grid_square_5x5_half_checkered,
          minmay_the_grid_square_5x5_dogpile], layout_basic, uniq_harold
D:8:      layout_gridville, minmay_misc_feat_five
D:9:      kennysheep_ambush_hall, layout_loops_ring, kennysheep_ying_yang,
          david_lair_generic, orc_0_dummy, serial_bayou_pond_b
D:10:     layout_roguey, zin_statuary, minmay_misc_feat_square,
          kennysheep_flooded_box, uniq_gastronok
D:11:     layout_irregular_city, hellmonk_ghost_happy_afterlife, serial_shops,
          shop, nicolae_shop_behind_doors, shop, nicolae_shop_behind_doors, shop
D:12:     layout_small_grid, minmay_starry_boxes, uniq_maurice, uniq_josephine
D:13:     layout_cross, jiyva_altar_1
D:14:     layout_basic, lightli_vaults_fourway_checkpoint,
          kennysheep_big_empty_room
D:15:     grunt_enter_depths_snipers, layout_stronghold,
          ebering_ghost_disaster_area, chequers_mini_garden
Lair:1:   layout_regular_city, evilmike_ambush [evilmike_ambush_outer_pillars,
          evilmike_ambush_inner_basic], uniq_fannar
Lair:2:   layout_big_grid
Lair:3:   layout_long_grid, spider_nest_entry_a, minmay_lair_oklob_bushes,
          grunt_megastairs_4
Lair:4:   layout_cave_pods, palyth_hydra_swamp_entry,
          nicolae_lair_run_with_the_wolves
Lair:5:   layout_long_grid, minmay_slime_entry_oklob_open,
          maelrawn_ghost_gauntlet_escape, wad_woods_03, uniq_urug
Orc:1:    layout_caves, enter_bailey_2, serial_shops, shop, uniq_jorgrun
Orc:2:    st_orc_town, layout_caves, uniq_donald
Elf:1:    minmay_elf_arrival_circle, layout_onion_city, minmay_elf_demonology,
          amcnicky_mini_pool_small
Elf:2:    elven_hall_of_blades_hangedman_alternative [grunt_blade_entry_basic],
          layout_loops_corners, billiards_dpeg
Elf:3:    elf_hall_gauntlet_wide, layout_rooms, basic_altar, uniq_asterion

Skill      XL: |  1  2  3  4  5  6  7  8  9 10 11 12 13 14 15 16 17 |
---------------+----------------------------------------------------+-----
Invocations    | 1 2 3 4 5 6 7 8 9 10 11 12 13 | 13.0
Short Blades   | 1 2 3 4 5 6 7 8 9 10 11 | 11.9
Long Blades    | 1 2 3 4 5 6 7 8 9 10 11 | 11.9
Axes           | 1 2 3 4 5 6 7 8 9 10 11 | 11.9
Maces & Flails | 1 2 3 4 5 6 7 8 9 10 11 | 11.9
Slings         | 1 2 3 4 5 6 7 8 9 10 11 | 11.9
Bows           | 1 2 3 4 5 6 7 8 9 10 11 | 11.9
Crossbows      | 1 2 3 4 5 6 7 8 9 10 11 | 11.9
Throwing       | 1 2 3 4 5 6 7 9 10 12 13 14 | 14.4
Dodging        | 1 2 3 4 5 6 7 8 9 10 11 | 11.9
Stealth        | 1 2 3 4 5 6 7 8 9 10 11 | 11.9
Shields        | 1 2 3 4 5 6 7 8 9 10 11 | 11.9
Unarmed Combat | 1 2 3 4 5 6 7 8 9 10 11 | 11.9
Spellcasting   | 1 2 3 4 5 6 7 8 9 10 11 | 11.9
Conjurations   | 1 2 3 4 5 6 7 8 9 10 | 10.1
Hexes          | 1 2 3 4 5 6 7 8 9 10 | 10.1
Summonings     | 1 2 3 4 5 6 7 8 9 10 | 10.1
Necromancy     | 1 2 3 4 5 6 7 8 9 10 | 10.1
Translocations | 1 2 3 4 5 6 7 8 9 10 | 10.1
Transmutations | 1 2 3 4 5 6 7 8 9 10 | 10.1
Fire Magic     | 1 2 3 4 5 6 7 8 9 10 | 10.1
Ice Magic      | 1 2 3 4 5 6 7 8 9 10 | 10.1
Air Magic      | 1 2 3 4 5 6 7 8 9 10 | 10.1
Earth Magic    | 1 2 3 4 5 6 7 8 9 10 | 10.1
Poison Magic   | 1 2 3 4 5 6 7 8 9 10 | 10.1
Fighting       | 3 4 5 6 7 8 9 10 11 12 | 12.2
Armour         | 3 4 5 6 7 8 9 10 11 12 | 12.2
Staves         | 5 6 7 8 9 10 11 12 | 12.7
Evocations     | 5 6 7 8 9 10 11 12 | 12.7
Polearms       | 9 10 11 12 13 14 | 14.4

Action                   |  1- 3 |  4- 6 |  7- 9 | 10-12 | 13-15 | 16-18 || total
-------------------------+-------+-------+-------+-------+-------+-------++-------
Melee: Spear             |   110 |   229 |   342 |   697 |   755 |   298 ||  2431
       Bite              |     5 |    15 |    31 |   104 |   104 |    21 ||   280
       Dagger            |       |     3 |    31 |       |       |       ||    34
       Punch             |       |     1 |     9 |    17 |    14 |       ||    41
 Fire: Hunting sling     |       |    15 |    11 |       |       |       ||    26
Throw: Boomerang         |       |       |    17 |    10 |    10 |       ||    37
       Dart              |       |       |     4 |    64 |    50 |     4 ||   122
       Stone             |       |       |       |     1 |       |       ||     1
       Javelin           |       |       |       |       |    13 |    13 ||    26
       Throwing net      |       |       |       |       |     4 |       ||     4
 Cast: Portal Projectile |       |       |     1 |     8 |     2 |       ||    11
       Airstrike         |       |       |       |    38 |   252 |   294 ||   584
       Summon Lightning  |       |       |       |    32 |    96 |    31 ||   159
       Sticky Flame      |       |       |       |       |     7 |       ||     7
       Summon Forest     |       |       |       |       |    25 |    22 ||    47
       Hailstorm         |       |       |       |       |     4 |     4 ||     8
Invok: Potion Petition   |       |       |       |     2 |     4 |       ||     6
       Bribe Branch      |       |       |       |       |       |     1 ||     1
 Abil: Evoke Blink       |       |       |       |     2 |     3 |       ||     5
Evoke: Wand              |       |     6 |    21 |    21 |     7 |    28 ||    83
       Phial of floods   |       |       |       |     1 |     3 |     2 ||     6
       Lightning rod     |       |       |       |       |    20 |    16 ||    36
       Box of beasts     |       |       |       |       |     1 |     2 ||     3
  Use: Scroll            |       |     2 |     7 |    15 |     8 |     6 ||    38
       Potion            |       |       |       |     3 |     8 |     1 ||    12
 Stab: Sleeping          |     6 |     2 |     3 |     4 |     4 |     6 ||    25
       Distracted        |       |     1 |     6 |    15 |    32 |    14 ||    68
       Invisible         |       |       |     1 |     4 |     2 |       ||     7
Armor: Leather armour    |    16 |       |       |    78 |   103 |    35 ||   232
       Ring mail         |       |    40 |    80 |    62 |       |       ||   182
       Chain mail        |       |       |       |     6 |       |       ||     6
Dodge: Dodged            |    29 |    53 |   129 |   257 |   259 |   118 ||   845
Block: Buckler           |       |       |       |       |    61 |    46 ||   107

Table legend: (Time is in decaauts)
 A = Elapsed time spent in this place.
 B = Non-inter-level travel time spent in this place.
 C = Inter-level travel time spent in this place.
 D = Time resting spent in this place.
 E = Time spent auto-exploring this place.
 F = Levels seen in this place.
 G = Mean time per level.
                   A        B        C        D        E       F      G
               +--------+--------+--------+--------+--------+-----+--------+
         Total |  34959 |  33334 |   1625 |    375 |  26758 |  26 | 1344.6 |
       Dungeon |  17844 |  16671 |   1173 |    257 |  12860 |  15 | 1189.6 |
          Lair |   6939 |   6713 |    226 |      0 |   5895 |   5 | 1387.8 |
  Orcish Mines |   2679 |   2570 |    109 |    118 |   1855 |   2 | 1339.5 |
   Elven Halls |   7181 |   7065 |    116 |      0 |   5978 |   3 | 2393.7 |
        Bailey |    314 |    314 |      0 |      0 |    168 |   1 |  314.0 |
               +--------+--------+--------+--------+--------+-----+--------+

Top non-repeatable levels by time:
   Elf:2: 3236 daAuts
  Lair:4: 2215 daAuts
   Elf:1: 2182 daAuts
     D:7: 2037 daAuts
   Orc:2: 2010 daAuts
   Elf:3: 1762 daAuts
     D:9: 1663 daAuts
    D:12: 1558 daAuts
  Lair:5: 1512 daAuts
    D:15: 1489 daAuts
    D:14: 1401 daAuts
     D:6: 1293 daAuts
    D:11: 1278 daAuts
     D:2: 1252 daAuts
  Lair:1: 1235 daAuts
